 Dungeon Crawl Stone Soup version 0.30-a0-605-gb2882149bf (webtiles) character file.

Game seed: 16789062594892370905

42 OTABOTABOTAB the Insei (level 3, 0/23 HPs)
             Began as an Octopode Transmuter on Jan 7, 2023.
             Slain by an orc
             ... wielding a +0 club
              (5 damage)
             ... on level 2 of the Dungeon.
             The game lasted 00:01:13 (689 turns).

OTABOTABOTAB the Insei (Octopode Transmuter)         Turns: 689, Time: 00:01:14

Health: 0/23       AC:  1    Str:  9    XL:     3   Next: 54%
Magic:  6/6        EV: 13    Int: 17    God:
Gold:   29         SH:  0    Dex: 12    Spells: 5/6 levels left

rFire   + . .      SeeInvis .      - Unarmed
rCold   . . .      Faith    .    (no shield)
rNeg    . . .      Spirit   .    (helmet restricted)
rPois   +          Reflect  .    (no amulet)
rElec   .          Harm     .    g - ring of protection from fire {rF+, !d}
rCorr   .          Rampage  .    i - ring of poison resistance {rPois, !d}
Will    .....                    (no ring)
Stlth   ++                       (no ring)
HPRegen 0.23/turn                (no ring)
MPRegen 0.10/turn                (no ring)
                                 (no ring)
                                 (no ring)

@: no status effects
A: almost no armour, amphibious, 8 rings, camouflage 1, gelatinous body 1,
(nimble swimmer 1), tentacles
a: no special abilities


You were on level 2 of the Dungeon.
You visited 1 branch of the dungeon, and saw 2 of its levels.

You collected 29 gold pieces.

Inventory:

Jewellery
 g - a ring of protection from fire (left tentacle) {rF+, !d}
   (You found it on level 1 of the Dungeon)
 i - a ring of poison resistance (right tentacle) {rPois, !d}
   (You found it on level 2 of the Dungeon)
Wands
 j - a wand of flame (13)
   (You found it on level 2 of the Dungeon)
Scrolls
 b - a scroll of identify {unknown}
 d - a scroll of enchant weapon {unknown}
Potions
 a - a potion of lignification {!q}
 c - a potion of flight {unknown}
 e - a potion of curing {unknown}
 f - a potion of heal wounds {unknown}
 h - a potion of mutation {unknown}


   Skills:
 - Level 1.0 Fighting
 - Level 2.0 Dodging
 + Level 3.8 Unarmed Combat
 - Level 2.0 Spellcasting
 + Level 3.0 Transmutations


You had 5 spell levels left.
You knew the following spells:

 Your Spells              Type           Power      Damage    Failure   Level
a - Beastly Appendage     Tmut           24%        N/A       5%          1

Your spell library contained the following spells:

 Spells                   Type           Power      Damage    Failure   Level
 Wereblood                Tmut           12%        N/A       9%          2
 Spider Form              Tmut/Pois      6%         N/A       30%         3
 Gell's Gravitas          Tloc           1%         N/A       50%         3
 Lesser Beckoning         Tloc           2%         N/A       50%         3
 Teleport Other           Tloc           1%         N/A       50%         3
 Ice Form                 Ice/Tmut       6%         N/A       71%         4


Dungeon Overview and Level Annotations

Branches:
Dungeon (2/15)

Altars:


Innate Abilities, Weirdness & Mutations

You cannot wear most types of armour.
You are amphibious.
You can wear up to eight rings at the same time.
Your skin changes colour to match your surroundings (Stealth+).
Your rubbery body absorbs attacks. (AC +1, EV +1)
((You are camouflaged when in or above water. (Stealth+)))
You have tentacles for arms and can constrict up to eight enemies at once.


Message History

You closely miss the bat. You grab the bat. You squeeze the bat.
You kill the bat!
Health restored: 18 You see here a +0 robe.
You see here a +0 chain mail.
A bat comes into view.
The bat hits you.
You take 1 damage, and have 17/18 hp.
The bat hits you. x2
You take 2 damage, and have 15/18 hp.
You tentacle-slap the bat but do no damage.
Your grab misses the bat. The bat barely misses you. The bat hits you.
You closely miss the bat. Your grab misses the bat. The bat barely misses you.
The bat hits you but does no damage. The bat barely misses you.
You tentacle-slap the bat.
You kill the bat!
No target in view!
No target in view!
No target in view!
No target in view!
An endoplasm comes into view.
You see here a bat corpse.
No target in view!
No target in view!
No target in view!
Found an escape hatch in the ceiling.
The endoplasm quivers.
Health restored: 18 No target in view!
No target in view!
No target in view!
You barely miss the endoplasm. The endoplasm closely misses you.
You tentacle-slap the endoplasm. You squeeze the endoplasm.
The endoplasm hits you but does no damage.
You tentacle-slap the endoplasm.
You kill the endoplasm!
No target in view!
A bat comes into view.
The bat hits you.
You take 1 damage, and have 17/18 hp.
You tentacle-slap the bat. You grab the bat.
You tentacle-slap the bat, but do no damage.
You squeeze the bat, but do no damage. You constrict the bat.
The bat completely misses you.
The bat struggles to escape constriction.
The bat escapes!
The bat hits you.
You take 1 damage, and have 16/18 hp.
The bat closely misses you.
You tentacle-slap the bat but do no damage.
You grab the bat. You constrict the bat.
You kill the bat!
No target in view!
No target in view!
An orc priest and an orc wizard come into view.
The orc priest shouts!
You hear a shout!
The orc wizard shouts!
You see here a wand of flame (13).
Health restored: 18
j - a wand of flame (13)
You hear a shout!
The orc wizard gestures wildly while chanting.
The orc wizard flickers and vanishes!
Deactivating autopickup; reactivate with Ctrl-A.
An orc comes into view. It is wielding a +0 club.
The orc priest invokes the aid of Beogh against you.
Beogh smites you!
Ouch! That really hurt!
You take 10 damage, and have 8/18 hp.
MASSIVE DAMAGE!!
You closely miss the orc priest. Your grab misses the orc priest.
You squeeze the orc priest!
An orc comes into view. It is wielding a +0 flail.
You tentacle-slap the orc priest. You grab the orc priest.
You squeeze the orc priest. You constrict the orc priest.
The orc priest barely misses you.
You tentacle-slap the orc priest.
You kill the orc priest!
Your Transmutations skill increases to level 3!
You have reached level 3!
Your experience leads to an increase in your attributes!
Increase (s)trength, (i)ntelligence, or (d)exterity?
You feel clever. x2
You regained 2 hp, and now have 11/23 hp.
MP restored: 6 The orc attacks as you move away!
The orc hits you with a +0 club.
You take 3 damage, and have 9/23 hp.
You barely miss the orc. You grab the orc.
You constrict the orc, but do no damage.
The orc hits you with a +0 club.
* * * LOW HITPOINT WARNING * * *
You take 3 damage, and have 6/23 hp.
You barely miss the orc. You constrict the orc.
The orc hits you with a +0 club.
* * * LOW HITPOINT WARNING * * *
You take 1 damage, and have 5/23 hp.
You tentacle-slap the orc. You constrict the orc.
The orc hits you with a +0 club.
You die...

. ##.#.# #†#
#.##....####.#
#..........#.#
#........#.#.#####
.................#
#.......#.###.#<#
##.....##.# .#
##...###.# # ##.#
#@# #. #o# #. #.#
# #.###.#.##
#.o.o....#
##)##....# #.# ..#
..# # ###


You could see 2 orcs.

Vanquished Creatures
  An orc priest (D:2)
  3 bats (D:2)
  3 endoplasms
  A hobgoblin (D:1)
  A ball python (D:1)
  A goblin (D:1)
  A kobold (D:1)
  2 rats (D:1)
13 creatures vanquished.

Vanquished Creatures (others)
  5 plants (D:2)
5 creatures vanquished.

Grand Total: 18 creatures vanquished

Notes
Turn   | Place    | Note
-------+----------+-------------------------------------------
     0 | D:1      | OTABOTABOTAB the Octopode Transmuter began the quest for
                  | the Orb.
     0 | D:1      | Reached XP level 1. HP: 13/13 MP: 3/3
   484 | D:1      | Reached XP level 2. HP: 16/18 MP: 5/5
   683 | D:2      | Reached skill level 3 in Transmutations
   683 | D:2      | Reached XP level 3. HP: 11/23 MP: 6/6
   688 | D:2      | HP: 5/23 [orc/+0 club (1)]
   689 | D:2      | Slain by an orc

Illustrated notes

Levels and vault maps discovered:
D:1:      dpeg_arrival_boxes_within_box, layout_basic
D:2:      layout_loops_ring, basic_altar, serial_forest,
          infiniplex_forest_end_1, infiniplex_forest_fountain,
          infiniplex_forest_clump_double, infiniplex_forest_clump_diagonal,
          infiniplex_forest_end_3, infiniplex_forest_end_3,
          infiniplex_forest_straight_2, infiniplex_forest_end_1,
          infiniplex_forest_clump_tiny, uniq_robin, uniq_terence

Skill      XL: |  1  2 |
---------------+-------+-----
Transmutations | 3 |  3.0
Fighting       | |  1.0
Dodging        | |  2.0
Unarmed Combat | |  3.8
Spellcasting   | |  2.0

Action                   || total
-------------------------++-------
Melee: Unarmed           ||    27
       Tentacles         ||    10
       Constrict         ||     8
       Kick              ||     2
       Punch             ||     1
 Cast: Beastly Appendage ||     3
 Abil: End Transformatio ||     1
 Stab: Sleeping          ||     4
Armor: Skin              ||     2
Dodge: Dodged            ||     8

Table legend: (Time is in decaauts)
 A = Elapsed time spent in this place.
 B = Non-inter-level travel time spent in this place.
 C = Inter-level travel time spent in this place.
 D = Time resting spent in this place.
 E = Time spent auto-exploring this place.
 F = Levels seen in this place.
 G = Mean time per level.
                   A        B        C        D        E       F      G
               +--------+--------+--------+--------+--------+-----+--------+
         Total |    686 |    662 |     24 |      0 |    553 |   2 |  343.0 |
       Dungeon |    686 |    662 |     24 |      0 |    553 |   2 |  343.0 |
               +--------+--------+--------+--------+--------+-----+--------+

Top non-repeatable levels by time:
     D:1: 563 daAuts
     D:2: 122 daAuts

Table legend:
 A = Kills in this place as a percentage of kills in entire the game.
 B = Kills by you in this place as a percentage of kills by you in the entire game.
 C = Kills by friends in this place as a percentage of kills by friends in the entire game.
 D = Other kills in this place as a percentage of other kills in the entire game.
 E = Experience gained in this place as a percentage of experience gained in the entire game.
 F = Experience gained in this place divided by the number of levels of this place that you have seen.
                   A       B       C       D       E      F
               +-------+-------+-------+-------+-------+----------------------
         Total | 100.0 | 100.0 |   N/A |   N/A | 100.0 |  30.0
       Dungeon | 100.0 | 100.0 |   N/A |   N/A | 100.0 |  30.0
               +-------+-------+-------+-------+-------+----------------------
